AoeStats
← cgan13289

Fortress

510106194Analyzed
4v4 RM · 3d ago on Sep 29, 2026· 34m 48s· 8 players
Game mode
Random Map
Map size
Huge
Population
200
Speed
Normal
Resources
Standard
Victory
Conquest
Starting age
Dark Age
Ending age
Imperial Age
RankedLock teamsTeams togetherTeam positionsShared explorationLock speedFull tech treeHidden civsTurbo modeCheats
Victory
Defeat
🇹🇼 Danes · Taiwan
1388
+15
🇨🇳 Bohemians · China
1366
+16
🇯🇵 Britons · Japan
1353
+16
🇨🇳 Koreans · China
1352
+16
🇺🇸 Portuguese · United States
1380
-17
🇮🇳 Saxons · India
1368
-16
🇳🇴 Varangians · Norway
1362
-16
🇦🇷 Persians · Argentina
1316
-14
sada-aki
5:32 Loom
7:34 Feudal Age
8:41 Double-Bit Axe
12:14 Castle Age
10:30 Horse Collar
13:17 Bow Saw
22:19 Gold Mining
22:47 Caravan
26:12 Imperial Age
23:35 Fletching
23:46 Padded Archer Armor
23:42 Treadmill Crane
24:52 Wheelbarrow
24:45 Crossbowman
26:01 Hand Cart
26:18 Arbalester
27:00 Bodkin Arrow
27:21 Leather Archer Armor
28:12 Chemistry
26:51 Cranequins
28:14 Bracer
28:41 Ballistics
29:12 Ring Archer Armor
30:30 Yeomen
31:29 Coinage
32:58 Siege Engineers
33:52 Block Printing
33:48 Fervor
34:27 Illumination
34:25 Sanctity
cgan13289
7:34 Feudal Age
7:53 Feudal Age
8:48 Double-Bit Axe
9:08 Gold Mining
11:44 Castle Age
10:39 Scale Mail Armor
12:57 Bow Saw
15:00 Loom
15:40 Chain Mail Armor
20:55 Forging
22:41 Wheelbarrow
22:54 Horse Collar
29:48 Arson
30:18 Town Watch
34:42 Imperial Age
32:35 Heavy Plow
33:16 Hand Cart
32:35 Hamask
34:01 Iron Casting
33:09 Pikeman
33:51 Squires
33:36 Gambesons
34:13 Town Patrol
34:25 Stone Mining
你好
6:55 Feudal Age
10:51 Castle Age
9:08 Double-Bit Axe
9:21 Horse Collar
12:32 Bow Saw
17:39 Loom
19:13 Wheelbarrow
19:07 Fletching
19:58 Bodkin Arrow
20:37 Gold Mining
21:56 Gold Shaft Mining
26:25 Imperial Age
23:42 Town Watch
23:59 Heavy Plow
23:52 Stone Mining
25:32 Stone Shaft Mining
25:41 Thumb Ring
26:40 Ballistics
26:23 Husbandry
28:23 Chemistry
27:22 Elite War Wagon
28:37 Conscription
28:41 Bracer
29:17 Treadmill Crane
32:17 Guilds
34:15 Eupseong
34:39 Hand Cart
35:29 Two-Man Saw
35:05 Fortified Wall
35:31 Siege Engineers
我要压力你了
7:31 Feudal Age
11:29 Castle Age
9:40 Double-Bit Axe
9:52 Horse Collar
14:42 Bow Saw
15:14 Fervor
24:26 Imperial Age
21:59 Loom
22:57 Wheelbarrow
22:07 Loom
22:21 Pikeman
24:03 Chemistry
24:19 Wagenburg Tactics
24:34 Hand Cart
24:45 Padded Archer Armor
24:46 Scale Mail Armor
27:47 Two-Man Saw
27:59 Conscription
28:59 Leather Archer Armor
30:36 Siege Engineers
33:30 Squires
33:48 Forging
IDWARE21
9:12 Feudal Age
10:27 Double-Bit Axe
13:14 Castle Age
11:03 Horse Collar
11:32 Gold Mining
18:02 Imperial Age
16:22 Bow Saw
17:12 Pikeman
19:58 Chemistry
20:03 Loom
20:54 Wheelbarrow
21:20 Fletching
21:30 Padded Archer Armor
23:41 Town Watch
25:53 Scale Mail Armor
27:42 Chain Mail Armor
28:14 Halberdier
29:07 Forging
28:45 Elite Skirmisher
31:01 Plate Mail Armor
31:06 Iron Casting
32:03 Bodkin Arrow
33:01 Leather Archer Armor
FreakinGorkha
7:39 Feudal Age
11:38 Castle Age
9:29 Double-Bit Axe
9:25 Horse Collar
12:57 Bow Saw
13:18 Heavy Plow
15:08 Town Watch
16:00 Wheelbarrow
19:18 Fletching
20:44 Murder Holes
22:17 Scale Mail Armor
27:06 Gold Mining
32:24 Imperial Age
29:58 Stone Mining
30:59 Fortified Wall
30:32 Elite Skirmisher
30:51 Crossbowman
32:02 Bodkin Arrow
33:37 Padded Archer Armor
Snavle
7:20 Feudal Age
11:18 Castle Age
9:21 Double-Bit Axe
9:36 Horse Collar
12:43 Heavy Plow
18:06 Wheelbarrow
18:29 Bow Saw
19:25 Loom
19:56 Hand Cart
19:27 Town Watch
20:10 Scale Barding Armor
22:37 Forging
23:17 Gold Mining
28:28 Imperial Age
26:04 Stone Mining
26:22 Caravan
27:41 Stone Shaft Mining
27:48 Bloodlines
27:40 Husbandry
28:30 Chain Barding Armor
28:45 Iron Casting
28:07 Light Cavalry
28:34 Elite Jarl
30:19 Plate Barding Armor
30:23 Hussar
34:50 Blast Furnace
Te_Detono_FaciL
8:30 Feudal Age
8:44 Loom
12:21 Castle Age
12:12 Horse Collar
12:17 Double-Bit Axe
14:41 Wheelbarrow
15:31 Bow Saw
17:26 Heavy Plow
19:18 Town Watch
22:46 Hand Cart
27:25 Imperial Age
24:54 Murder Holes
26:17 Scale Barding Armor
26:23 Forging
26:20 Gold Mining
26:21 Stone Mining
27:09 Elite War Elephant
28:13 Conscription
28:14 Chain Barding Armor
28:30 Iron Casting
28:36 Bloodlines
28:28 Husbandry
29:13 Citadels
29:40 Hoardings
30:09 Chemistry
29:30 Light Cavalry
30:21 Hussar
31:38 Plate Barding Armor
34:05 Town Patrol
35:22 Blast Furnace
34:13 Fletching
34:45 Ballistics
Connection lost

Rejoining the realm…

Still unreachable

The connection could not be restored.

Session expired

The server has moved on; the page needs a fresh start.